 Dungeon Crawl Stone Soup version 0.24-a0-584-g9d6b971ae4 (webtiles) character file.

Game seed: 11655290799721305461, levelgen mode: deterministic

173124 Gargoyl the Envoy of Void (level 17, 0/162 HPs)
             Began as a Centaur Abyssal Knight on Sept 4, 2019.
             Was a High Priest of Lugonu.
             Slain by a nagaraja
             ... wielding a +0 spear
              (14 damage)
             ... on level 4 of the Snake Pit.
             The game lasted 01:18:35 (64996 turns).

Gargoyl the Envoy of Void (Centaur Abyssal Knight) Turns: 64996, Time: 01:18:36

Health: 0/162      AC: 30    Str: 19    XL:     17   Next: 42%
Magic:  14/27      EV: 10    Int: 11    God:    Lugonu [*****.]
Gold:   1820       SH: 14    Dex: 11    Spells: 16/16 levels left

rFire    + . .     SeeInvis .   a - +4 hand axe (venom)
rCold    . . .     Gourm    .   b - +3 shield
rNeg     + . .     Faith    .   B - +10 chain mail of Guudeob {Dex+3}
rPois    .         Spirit   .   k - +2 hat
rElec    +         Reflect  .   H - +2 cloak
rCorr    .         Harm     .   r - +2 pair of gloves
MR       ++...                  (no barding)
Stlth    ..........             J - amulet of magic regeneration
HPRegen  0.37/turn              n - +4 ring of evasion
MPRegen  0.45/turn              o - ring of Hypoe {rElec rN+ MR+ Dex-4}

@: lethally poisoned (0 -> -2), constricted, very quick
A: large, hooves 3, deformed body, fire resistance 1, speed 2, robust 1, tough
skin 3
a: Depart the Abyss, Bend Space, Banish, Corrupt, Enter the Abyss, Renounce
Religion


You were on level 4 of the Snake Pit.
You worshipped Lugonu.
Lugonu was extremely pleased with you.
You were not hungry.

You visited 4 branches of the dungeon, and saw 27 of its levels.
You visited the Abyss 2 times.
You also visited: Ossuary and Bailey.

You collected 3081 gold pieces.
You spent 1261 gold pieces at shops.

Inventory:

Hand Weapons
 a - a +4 hand axe of venom (weapon)
 M - a +2 war axe of freezing
 N - a +2 hand axe of flaming
Missiles
 E - 18 boomerangs (quivered)
Armour
 b - a +3 shield (worn)
 k - a +2 hat (worn)
 r - a +2 pair of gloves (worn)
 B - the +10 chain mail of Guudeob (worn) {Dex+3}
   (You bought it in a shop on level 8 of the Dungeon)

   It affects your dexterity (+3).
 C - the +4 ring mail of Bitterness {rPois rC- MR++ Stlth+}
   (You found it on level 7 of the Dungeon)

   It makes you vulnerable to cold.
   It protects you from poison.
   It affects your resistance to hostile enchantments.
   It makes you more stealthy.
 F - the +0 pair of gloves "Ybuil" {rElec rN+++ Dex+4 Slay-3}
   (You acquired it on level 8 of the Dungeon)

   It affects your dexterity (+4).
   It affects your accuracy and damage with ranged weapons and melee attacks
   (-3).
   It insulates you from electricity.
   It renders you almost immune to negative energy.
 H - a +2 cloak (worn)
 P - a scarf of cloud immunity
Jewellery
 e - an uncursed ring of protection from magic
 n - a +4 ring of evasion (left hand)
 o - the ring of Hypoe (right hand) {rElec rN+ MR+ Dex-4}
   (You found it on level 1 of the Lair of Beasts)

   [ring of protection from magic]

   It affects your dexterity (-4).
   It insulates you from electricity.
   It protects you from negative energy.
   It affects your resistance to hostile enchantments.
 s - an uncursed ring of see invisible
 G - an uncursed ring of resist corrosion
 J - an amulet of magic regeneration (around neck)
Wands
 d - a wand of paralysis (7)
 f - a wand of acid (26)
 g - a wand of iceblast (15)
 A - a wand of flame (33)
 D - a wand of polymorph (5)
 K - a wand of random effects (14)
 L - a wand of digging (5)
Scrolls
 j - 3 scrolls of identify
 p - 15 scrolls of remove curse
 v - 9 scrolls of teleportation
 y - a scroll of fear
 z - a scroll of summoning
 I - 2 scrolls of magic mapping
Potions
 h - a potion of heal wounds
 i - 3 potions of might
 l - 13 potions of curing
 m - a potion of flight
 q - 4 potions of berserk rage
 t - 3 potions of haste
 u - 5 potions of agility
 w - 3 potions of brilliance
 x - a potion of ambrosia
 O - a potion of resistance
 T - 2 potions of cancellation
Comestibles
 c - 20 rations


   Skills:
 + Level 12.6 Fighting
 + Level 13.4 Axes
 + Level 1.1 Throwing
 * Level 12.0 Armour
 * Level 10.0 Dodging
 + Level 9.1 Shields
 * Level 13.6 Invocations
 + Level 1.5 Evocations


You had 16 spell levels left.
You didn't know any spells.
Your spell library contained the following spells:

 Spells                   Type           Power        Failure   Level  Hunger
 Corona                   Hex            #......      94%         1    ##.....
 Infusion                 Chrm           #...         94%         1    ##.....
 Sandblast                Erth           #.....       94%         1    ##.....
 Ensorcelled Hibernation  Hex/Ice        #.....       98%         2    ###....
 Passwall                 Tmut/Erth      #.......     98%         2    ###....
 Shroud of Golubria       Chrm/Tloc      #.....       98%         2    ###....
 Song of Slaying          Chrm           #.......     98%         2    ###....
 Confuse                  Hex            #.......     100%        3    ####...
 Dazzling Spray           Conj/Hex       #.....       100%        3    ####...
 Ignite Poison            Fire/Tmut/Pois #.......     100%        3    ####...
 Regeneration             Chrm/Necr      #.........   100%        3    ####...
 Spectral Weapon          Hex/Chrm       #.......     100%        3    ####...
 Stone Arrow              Conj/Erth      #.....       100%        3    ####...
 Tukima's Dance           Hex            #.......     100%        3    ####...
 Petrify                  Tmut/Erth      #.......     100%        4    #####..
 Alistair's Intoxication  Tmut/Pois      #.......     100%        5    ######.
 Blade Hands              Tmut           #.........   100%        5    ######.
 Lee's Rapid Deconstruct  Erth           #.........   100%        5    ######.
 Simulacrum               Ice/Necr       #.........   100%        6    #######


Dungeon Overview and Level Annotations

Branches:
Dungeon (15/15)            Temple (0/1) D:6            Lair (6/6) D:10
 Shoals (0/4) Lair:3        Snake (4/4) Lair:3        Slime (0/5) Lair:5
    Orc (2/2) D:11            Elf (0/3) Orc:2        Vaults (0/5) D:13
 Depths (0/5) D:15        Ossuary (visited)          Bailey (visited)

Altars:
Cheibriados
Dithmenos
Elyvilon
Fedhas
Hepliaklqana
Kikubaaqudgha
Okawaru
Qazlal
Ru
Trog
Uskayaw
Zin
The Shining One
Beogh
Jiyva

Shops:
D:6 (   D:7 :   D:8 [   Orc:1 ?   Orc:2 [((%   Snake:1 *   Snake:4 [

Annotations:
D:14 exclusion: orange crystal statue
Lair:5 3 runed translucent doors, Efitis's ghost, journeyman HaHu


Innate Abilities, Weirdness & Mutations

You have hooves in place of feet.
Armour fits poorly on your strangely shaped body.
You cover ground very quickly.
You have extremely tough skin. (AC +3)
Your flesh is heat resistant. (rF+)
You are robust. (+10% HP)


Message History

* * * LOW HITPOINT WARNING * * *
The nagaraja constricts you.
The nagaraja hits you but does no damage.
The nagaraja constricts you.
Press: ? - help, Shift-Dir - straight line, f/p - nagaraja
Aim: a nagaraja, wielding a +0 spear and wearing a +0 robe (severely wounded, constricting you, fast, poisoned, catching its breath, chance to defeat MR: 5%)
The nagaraja resists with almost no effort.
You are starving!
Lugonu is no longer ready to corrupt your weapon.
The nagaraja spits poison at you.
The splash of poison hits you but does no damage.
You are poisoned.
* * * LOW HITPOINT WARNING * * *
The nagaraja constricts you.
You eat one of the 21 rations.
That ration really hit the spot!
You feel sick. The nagaraja casts a spell at you. The orb of energy hits you!!
* * * LOW HITPOINT WARNING * * *
x2 The nagaraja constricts you.
The nagaraja hits you with a +0 spear!
You die...

#. #..(...(......
###.####..(.#).##....
#.........(......[...
#..........#####.#...
#................#...
#........##.####.N...
#.....§............†.
#....§...#..#..####.)
#.##@#####.###. #.).
#.. #N# # . ..... #.
..# .. #..... . ..#.
.. #..... ... .
#.###. .... .. .. ##
..... .. ... ......
...


You could see a nagaraja.

Vanquished Creatures
  Vashnia (Snake:4)
  Kirke (Lair:5)
  2 fire giants (D:15)
  4 nagarajas
  An orc warlord (Orc:1)
  A very ugly thing (D:15)
  A dire elephant (Lair:6)
  Azrael (Snake:1)
  An ettin (D:11)
  Snorg (D:13)
  Josephine (D:12)
  An ogre mage (D:15)
  6 naga warriors
  A rakshasa (D:15)
  A vault guard (D:13)
  2 catoblepae (Lair:6)
  5 centaur warriors
  13 anacondas
  A deep troll shaman (Lair:6)
  5 two-headed ogres
  4 death yaks
  A queen ant (Lair:3)
  3 tengu warriors (D:14)
  Urug (D:13)
  7 shock serpents
  An orc high priest (Orc:1)
  16 naga sharpshooters
  2 salamander mystics
  4 unseen horrors
  8 naga ritualists
  3 orc knights
  2 deep elf magi
  An oklob plant (Lair:2)
  3 orc sorcerers
  7 mana vipers
  A manticore (D:11)
  10 ugly things
  8 salamanders
  4 cyclopes
  11 elephants
  47 black mambas
  3 gargoyles
  A guardian serpent (Snake:3)
  21 naga magi
  10 spiny frogs
  3 rime drakes
  9 komodo dragons
  4 kobold demonologists
  A harpy zombie (D:15)
  2 hornets
  8 trolls
  A wolf spider simulacrum (D:15)
  A polar bear (Lair:6)
  8 hippogriffs
  8 slime creatures
  25 blink frogs
  A vampire (D:15)
  11 hogs
  7 wraiths
  A wyvern (D:10)
  Sigmund (D:6)
  A shadow (D:12)
  4 fire elementals
  A human (D:9)
  5 basilisks
  72 yaks
  11 vampire mosquitoes
  A two-headed ogre zombie (D:11)
  5 wargs
  2 acid dragons
  48 nagas
  7 soldier ants
  15 water moccasins
  7 porcupines
  3 hell hounds
  36 orc warriors
  2 hornet zombies
  2 ice beasts
  2 black bears (Lair:6)
  2 eyes of draining (D:13)
  5 sky beasts
  18 ogres
  23 wolves
  4 phantoms
  9 centaurs
  4 big kobolds
  15 crocodiles
  10 bullfrogs
  A wyvern zombie (D:14)
  2 troll zombies (D:11)
  5 scorpions
  8 killer bees (D:8)
  2 electric eels (Lair:3)
  7 howler monkeys
  2 centaur zombies
  4 crimson imps
  A quasit (D:9)
  A wyvern simulacrum (D:13)
  3 bullfrog zombies
  8 hounds
  2 human zombies (Ossuary)
  A bullfrog skeleton (D:12)
  27 orc priests
  4 jellies
  2 gnoll shamans
  Jessica (D:2)
  8 centaur skeletons
  9 iguanas
  22 orc wizards
  19 worker ants
  Terence (D:2)
  4 ogre zombies (D:11)
  2 big kobold zombies (Ossuary)
  A hound zombie (D:11)
  A hound skeleton (D:11)
  5 mummies (Ossuary)
  A worker ant zombie (D:5)
  23 gnolls
  14 adders
  4 shadow imps
  An adder zombie (D:9)
  2 adder skeletons
  A worm (D:2)
  A dart slug (D:1)
  5 leopard geckos
  94 orcs
  8 ball pythons
  10 bats
  7 giant cockroaches
  10 goblins
  10 hobgoblins
  15 jackals
  20 kobolds
  10 quokkas
  5 frilled lizards
  4 goblin zombies
  A hobgoblin skeleton (D:11)
  6 hobgoblin zombies
  A kobold zombie (Ossuary)
  A leopard gecko skeleton (D:4)
  An orc skeleton (D:11)
  13 orc zombies (D:11)
  A quokka skeleton (D:8)
  4 rats
  A bush (Lair:6)
  3 fungi
  9 plants
1073 creatures vanquished.

Vanquished Creatures (collateral kills)
  Frances (D:14)
  2 ugly things (D:15)
  A soldier ant (D:14)
4 creatures vanquished.

Vanquished Creatures (others)
  A fire dragon (D:13)
  A hydra (Lair:5)
  A naga warrior (Snake:4)
  A naga ritualist (Snake:2)
  An oklob plant (Lair:1)
  3 ugly things
  A naga mage (Snake:3)
  A spiny frog (Lair:5)
  An acid dragon (D:12)
  A naga (Snake:1)
  2 orcs (Orc:1)
  9 fungi
  9 plants
32 creatures vanquished.

Grand Total: 1109 creatures vanquished

Notes
Turn   | Place    | Note
-------+----------+-------------------------------------------
     0 | Abyss:1  | Gargoyl the Centaur Abyssal Knight began the quest for the
                  | Orb.
     0 | Abyss:1  | Reached XP level 1. HP: 19/19 MP: 2/2
    65 | Abyss:1  | Noticed a ynoxinul
   158 | Abyss:2  | Noticed a small abomination
   201 | Abyss:2  | Noticed a guardian serpent
   202 | D:1      | Escaped the Abyss
   542 | D:1      | Reached XP level 2. HP: 26/26 MP: 3/3
   545 | D:1      | Reached * piety under Lugonu
  1243 | D:2      | Reached XP level 3. HP: 24/31 MP: 4/4
  1560 | D:2      | Reached skill level 1 in Dodging
  1560 | D:2      | Reached XP level 4. HP: 15/38 MP: 3/5
  1968 | D:2      | Noticed Terence
  1983 | D:2      | Killed Terence
  2088 | D:2      | Noticed Jessica
  2094 | D:2      | Killed Jessica
  2181 | D:2      | Reached XP level 5. HP: 46/46 MP: 7/7
  2222 | D:2      | Reached ** piety under Lugonu
  3433 | D:4      | Reached XP level 6. HP: 52/52 MP: 8/8
  3457 | D:4      | Reached skill level 1 in Shields
  3856 | D:4      | Found a glowing golden altar of the Shining One.
  3856 | D:4      | Found a glowing silver altar of Zin.
  3856 | D:4      | Found a white marble altar of Elyvilon.
  3971 | D:4      | Found a stormy altar of Qazlal.
  4004 | D:4      | Reached *** piety under Lugonu
  4103 | D:4      | Reached XP level 7. HP: 54/59 MP: 7/9
  4329 | D:5      | Entered Level 5 of the Dungeon
  5700 | D:6      | Noticed Sigmund
  5863 | D:5      | Reached XP level 8. HP: 58/67 MP: 11/11
  6004 | D:6      | Killed Sigmund
  6004 | D:6      | Reached skill level 5 in Fighting
  6282 | D:6      | Found Quewechu's Antique Weapon Boutique.
  6317 | D:6      | Found a sand-covered staircase.
  6345 | Ossuary  | Entered an ossuary
  6868 | D:6      | Found a staircase to the Ecumenical Temple.
  7212 | D:6      | Found an iron altar of Okawaru.
  7217 | D:6      | Reached **** piety under Lugonu
  7494 | D:7      | Noticed a hornet
  7502 | D:6      | Found an ancient bone altar of Kikubaaqudgha.
  7524 | D:6      | Paralysed by a hornet for 1 turns
  7526 | D:6      | Killed a hornet
  7526 | D:6      | Reached skill level 5 in Axes
  7526 | D:6      | Reached skill level 5 in Invocations
  7682 | D:7      | Found Simal's Book Boutique.
  7688 | D:7      | Reached XP level 9. HP: 57/74 MP: 8/12
  7791 | D:7      | Found a blossoming altar of Fedhas.
  7901 | D:7      | Got a dazzling ring mail
  7912 | D:7      | Identified the +4 ring mail of Bitterness {rPois rC- MR++
                  | Stlth+} (You found it on level 7 of the Dungeon)
  8454 | D:8      | Identified a scroll of acquirement
  8455 | D:8      | Got a pair of jewelled gloves
  8466 | D:8      | Identified the +0 pair of gloves "Ybuil" {rElec rN+++ Dex+4
                  | Slay-3} (You acquired it on level 8 of the Dungeon)
  8553 | D:8      | Found a snail-covered altar of Cheibriados.
  8689 | D:8      | Reached skill level 5 in Armour
  8818 | D:8      | Found a snail-covered altar of Cheibriados.
  8887 | D:8      | Found Potsewar's Armour Shop.
  9785 | D:8      | Found a hazy altar of Hepliaklqana.
 10194 | D:8      | Reached ***** piety under Lugonu
 10303 | D:8      | Reached XP level 10. HP: 63/84 MP: 9/14
 11197 | D:9      | Found a hide-covered altar of Uskayaw.
 11405 | D:9      | Found a sacrificial altar of Ru.
 11577 | D:9      | Found a white marble altar of Elyvilon.
 11774 | D:10     | Entered Level 10 of the Dungeon
 12720 | D:10     | Found a staircase to the Lair.
 12815 | D:10     | Killed an unseen horror
 12989 | Lair:1   | Entered Level 1 of the Lair of Beasts
 12989 | Lair:1   | Noticed an oklob plant
 12991 | Lair:1   | Banished an oklob plant
 13388 | Lair:1   | Reached XP level 11. HP: 89/94 MP: 16/16
 13519 | Lair:1   | Reached skill level 5 in Dodging
 14058 | Lair:1   | Got a glittering pewter ring
 14060 | Lair:1   | Identified the ring of Hypoe {rElec rN+ MR+ Dex-4} (You
                  | found it on level 1 of the Lair of Beasts)
 15128 | Lair:3   | HP: 4/95 [blink frog (4)]
 15921 | Lair:2   | Noticed an oklob plant
 16971 | Lair:2   | Reached XP level 12. HP: 29/104 MP: 18/18
 19003 | Lair:3   | Found a staircase to the Snake Pit.
 19674 | Lair:3   | Found a staircase to the Shoals.
 20377 | Lair:3   | Noticed a queen ant
 20391 | Lair:3   | Killed a queen ant
 20391 | Lair:3   | Reached skill level 5 in Shields
 20407 | Lair:3   | Reached skill level 10 in Fighting
 20887 | Lair:3   | Reached ****** piety under Lugonu
 22292 | Lair:4   | Reached XP level 13. HP: 97/113 MP: 20/20
 22634 | Lair:5   | Noticed Kirke
 22673 | Lair:5   | Killed Kirke
 22987 | Lair:5   | Reached skill level 10 in Axes
 23292 | D:8      | Bought the +10 chain mail of Guudeob {Dex+3} for 813 gold
                  | pieces
 23507 | Lair:5   | Noticed Efitis's ghost (journeyman HaHu)
 23508 | Lair:5   | Noticed a minotaur
 23538 | Lair:5   | Found a runed translucent gate.
 23538 | Lair:5   | Found a runed translucent gate.
 23538 | Lair:5   | Found a runed translucent gate.
 23690 | Lair:5   | Found a staircase to the Slime Pits.
 23690 | Lair:5   | Found a viscous altar of Jiyva.
 23902 | Lair:6   | Entered Level 6 of the Lair of Beasts
 24426 | Lair:6   | Identified Run Geess's Catalogue of Ice and Moulding
 24559 | Lair:6   | Reached skill level 10 in Invocations
 27463 | Lair:6   | Reached XP level 14. HP: 40/122 MP: 21/21
 28818 | D:11     | Found a staircase to the Orcish Mines.
 31035 | D:13     | Found a flagged portal.
 31044 | Bailey   | Entered a bailey
 31568 | D:13     | Noticed Josephine
 32010 | D:12     | Killed Josephine
 33168 | D:13     | Noticed Snorg
 33241 | D:13     | Killed Snorg
 33960 | D:13     | Found a gate to the Vaults.
 34048 | D:13     | Noticed Urug
 34071 | D:13     | Killed Urug
 35819 | D:14     | Reached skill level 1 in Throwing
 35974 | Abyss:1  | Noticed a starcursed mass
 35975 | D:14     | Escaped the Abyss
 35983 | D:14     | Noticed Frances
 36576 | D:14     | Killed Frances
 36576 | D:14     | Reached skill level 10 in Armour
 36576 | D:14     | Reached XP level 15. HP: 92/130 MP: 11/23
 36975 | D:14     | Gained mutation: You are robust. (+10% HP) [potion of
                  | mutation]
 36975 | D:14     | Gained mutation: Your flesh is heat resistant. (rF+)
                  | [potion of mutation]
 37131 | D:15     | Entered Level 15 of the Dungeon
 37439 | D:15     | Found a roughly hewn altar of Beogh.
 37949 | D:15     | Noticed a fire giant
 38217 | D:15     | Killed a fire giant
 38741 | D:15     | Got a coiled gossamer ring
 38750 | D:15     | Identified the ring of Lunaitri {rElec rN+ AC+1 Int+2} (You
                  | found it on level 15 of the Dungeon)
 39256 | D:15     | Noticed a fire giant
 39299 | D:15     | Found a staircase to the Depths.
 39546 | D:15     | Reached skill level 1 in Evocations
 39679 | D:15     | Killed a fire giant
 40658 | Orc:1    | Entered Level 1 of the Orcish Mines
 41121 | Orc:1    | Found a bloodstained altar of Trog.
 41159 | Orc:1    | Found Ecvoegri's Magic Scroll Boutique.
 41306 | Orc:2    | Entered Level 2 of the Orcish Mines
 41388 | Orc:2    | Found a roughly hewn altar of Beogh.
 41397 | Orc:2    | Found Wasan's Food Boutique.
 41587 | Orc:2    | Found a roughly hewn altar of Beogh.
 41714 | Orc:2    | Found a roughly hewn altar of Beogh.
 41970 | Orc:1    | Bought a scroll of enchant armour for 112 gold pieces
 41970 | Orc:1    | Bought a scroll of enchant armour for 112 gold pieces
 42074 | Orc:2    | Found a staircase to the Elven Halls.
 42132 | Orc:2    | Found a roughly hewn altar of Beogh.
 42191 | Orc:2    | Found a roughly hewn altar of Beogh.
 42254 | Orc:2    | Noticed an orc warlord
 42595 | Orc:1    | Killed an orc warlord
 43562 | Orc:2    | Found Waoxeenn's Antique Weapon Boutique.
 43563 | Orc:2    | Found a roughly hewn altar of Beogh.
 43570 | Orc:2    | Found Yjanwiwi's Antique Armour Shop.
 43585 | Orc:2    | Bought a runed scarf for 224 gold pieces
 43645 | Orc:2    | Found a roughly hewn altar of Beogh.
 43657 | Orc:2    | Found Qoocyoroa's Antique Weapon Shop.
 43864 | Orc:2    | Found a roughly hewn altar of Beogh.
 44061 | Snake:1  | Entered Level 1 of the Snake Pit
 44391 | Snake:1  | Found a shadowy altar of Dithmenos.
 44427 | Snake:1  | Noticed Azrael
 44758 | Snake:1  | Killed Azrael
 45075 | Snake:1  | Reached XP level 16. HP: 51/152 MP: 25/25
 46439 | Snake:1  | Found Todeddu's Mass Market.
 48376 | Snake:1  | HP: 7/152 [poisoned by a naga sharpshooter (splash of
                  | poison)]
 48381 | Snake:1  | HP: 6/152 [poisoned by a naga sharpshooter (splash of
                  | poison)]
 48388 | Snake:1  | HP: 5/152 [poisoned by a naga sharpshooter (splash of
                  | poison)]
 48395 | Snake:1  | HP: 6/152 [poisoned by a naga sharpshooter (splash of
                  | poison)]
 48403 | Snake:1  | HP: 7/152 [poisoned by a naga sharpshooter (splash of
                  | poison)]
 50764 | Snake:2  | Found a runed translucent gate.
 50765 | Snake:2  | Found a runed translucent gate.
 50765 | Snake:2  | Found a runed translucent gate.
 54146 | Snake:4  | Entered Level 4 of the Snake Pit
 55726 | Snake:4  | Noticed Vashnia
 56550 | Snake:4  | Found Laiderph's Antique Armour Shop.
 58258 | Snake:3  | Reached XP level 17. HP: 156/162 MP: 26/26
 61714 | Snake:4  | Killed Vashnia
 64047 | Snake:4  | Reached skill level 10 in Dodging
 64490 | Snake:3  | HP: 8/162 [poisoned by a naga mage (splash of poison)]
 64496 | Snake:3  | HP: 5/162 [poisoned by a naga mage (splash of poison)]
 64501 | Snake:3  | HP: 4/162 [poisoned by a naga mage (splash of poison)]
 64506 | Snake:3  | HP: 4/162 [poisoned by a naga mage (splash of poison)]
 64513 | Snake:3  | HP: 5/162 [poisoned by a naga mage (splash of poison)]
 64521 | Snake:3  | HP: 6/162 [poisoned by a naga mage (splash of poison)]
 64996 | Snake:4  | Slain by a nagaraja

Levels and vault maps discovered:
D:1:      eino_arrival_water_cross, layout_basic
D:2:      layout_loops_ring, chequers_serial_rivers_small_b, uniq_jessica,
          uniq_terence
D:3:      layout_rooms, first_ration
D:4:      layout_basic, good_gods_mini_temple, lemuel_round_altar
D:5:      layout_cave_pods
D:6:      lemuel_upstairs_altar, layout_cave_pods, okawaru_altar_gauntlet_db,
          minmay_temple_entry_large_hall, serial_shops, shop,
          nicolae_ossuary_entry_false_entrances, uniq_sigmund
D:7:      layout_basic, fedhas_bush_and_centaur_altar, serial_shops, shop,
          st_stairs_7
D:8:      layout_loops_corners, lemuel_round_altar, kennysheep_little_box,
          basic_altar, serial_shops, nicolae_shop_waterfront
D:9:      layout_cave_pools, lemuel_doored_altar, kennysheep_mini_moat,
          grunt_livestock, minmay_misc_feat_room, elyvilon_altar_3
D:10:     layout_gridville, lair_entry_dummy
D:11:     layout_roguey, zombieorc2_lemuel, minmay_fountain_box
D:12:     layout_loops_ring, minmay_unpleasant_kobolds
D:13:     layout_cave_pools, david_vaults_5, gauntlet_entry_generic,
          enter_bailey_8, uniq_urug, uniq_josephine, uniq_snorg
D:14:     layout_basic, minmay_statue_bubble, uniq_frances
D:15:     grunt_enter_depths_giant_problem, layout_small_grid,
          patterned_corridor, special_room [special_room_orc],
          minmay_checkered_concentric_circles
Lair:1:   layout_roguey, serial_forest, infiniplex_forest_zigzag_1,
          infiniplex_forest_end_2, infiniplex_forest_lined_3_way,
          infiniplex_forest_lined_1, infiniplex_forest_end_3,
          infiniplex_forest_clump_cross, dpeg_stationary_puzzle
Lair:2:   beast_lair_carwin_large_1, layout_loops_ring,
          infiniplex_staircase_pool_2
Lair:3:   layout_hall_layers, elwin_shoals_entry_rocks,
          minmay_snake_entry_guardpost_medium, enter_volcano_3,
          wad_woods_river_02, wad_woods_antlair
Lair:4:   wander_river, layout_regular_city, lemuel_fruit_fields
Lair:5:   layout_misc_corridors, slime_altar_1, maelrawn_ghost_gauntlet_escape,
          uniq_kirke
Lair:6:   grunt_lair_end_beastmaster, layout_regular_city
Snake:1:  layout_chambers, basic_altar, minmay_shop_mass, uniq_azrael
Snake:2:  layout_concentric_octagons, nicolae_snake_horde_hoard
Snake:3:  layout_chambers
Snake:4:  snake_pit, layout_rooms, serial_shops, shop, uniq_vashnia
Orc:1:    layout_diamond_mine, basic_altar, serial_shops,
          nicolae_shop_window_shopping
Orc:2:    grunt_orc_community_town_hall, layout_caves,
          grunt_orc_community_big_house_2, grunt_orc_community_big_house_2,
          grunt_orc_community_house_1, grunt_orc_community_house_1,
          grunt_orc_community_house_2, grunt_orc_community_house_1,
          grunt_orc_community_house_3, grunt_orc_community_house_3

Skill      XL: |  1  2  3  4  5  6  7  8  9 10 11 12 13 14 15 16 17 |
---------------+----------------------------------------------------+-----
Axes           | 2 3 4 5 6 7 8 9 10 11 12 13 | 13.4
Armour         | 2 3 4 5 6 7 9 10 11 12 | 12.0
Dodging        | 1 2 3 4 5 6 7 8 9 10 | 10.0
Invocations    | 3 4 5 6 7 8 9 10 11 12 13 | 13.6
Fighting       | 4 5 6 8 9 10 11 12 | 12.6
Shields        | 1 2 3 4 5 6 7 8 9 |  9.1
Throwing       | 1 |  1.1
Evocations     | 1 |  1.5

Action                   |  1- 3 |  4- 6 |  7- 9 | 10-12 | 13-15 | 16-18 || total
-------------------------+-------+-------+-------+-------+-------+-------++-------
Melee: Hand axe          |    80 |   219 |   445 |   894 |  2460 |  1481 ||  5579
       Kick              |     7 |    40 |   112 |   311 |   810 |   444 ||  1724
       Demon whip        |       |       |     4 |       |       |       ||     4
       War axe           |       |       |       |       |    31 |       ||    31
Throw: Boomerang         |       |       |       |     8 |     9 |       ||    17
Invok: Depart the Abyss  |     1 |       |       |       |     1 |       ||     2
       Bend Space        |       |       |     1 |       |     2 |     1 ||     4
       Banish            |       |       |       |     1 |     6 |     7 ||    14
       Enter the Abyss   |       |       |       |       |     1 |       ||     1
Evoke: Wand              |       |     4 |     3 |     2 |    11 |    14 ||    34
  Use: Scroll            |     3 |     4 |    10 |     9 |    15 |     5 ||    46
       Potion            |       |     1 |       |     5 |     6 |     7 ||    19
 Stab: Invisible         |       |       |       |     3 |       |       ||     3
       Petrified         |       |       |       |       |    13 |       ||    13
       Distracted        |       |       |       |       |     1 |       ||     1
       Paralysed         |       |       |       |       |       |     3 ||     3
  Eat: Chunk             |     1 |     7 |    12 |    24 |    41 |     8 ||    93
       Ration            |       |       |     2 |     3 |     9 |    16 ||    30
Armor: Ring mail         |    69 |     7 |    84 |   274 |    59 |       ||   493
       Leather armour    |     6 |       |       |       |       |       ||     6
       Chain mail        |       |   103 |   137 |       |  1296 |   630 ||  2166
Dodge: Dodged            |    38 |    58 |   175 |   439 |   752 |   565 ||  2027
Block: Shield            |    40 |    81 |   173 |   375 |  1162 |   963 ||  2794

Table legend:
 A = Non-vault XP
 B = Vault XP
 C = Vault XP percentage of total XP
 D = Non-vault monster count
 E = Vault monster count
 F = Vault count percentage of total count
                 A         B        C        D         E       F
            +---------+---------+-------+---------+---------+-------
      Total |  169921 |   77399 |  31.3 |     755 |     318 |  29.6
            +---------+---------+-------+---------+---------+-------
        D:1 |      33 |       0 |   0.0 |      17 |       0 |   0.0
        D:2 |      98 |      69 |  41.3 |      26 |       2 |   7.1
        D:3 |     133 |       0 |   0.0 |      31 |       0 |   0.0
        D:4 |     563 |       0 |   0.0 |      19 |       0 |   0.0
        D:5 |     527 |       0 |   0.0 |      19 |       0 |   0.0
        D:6 |     392 |     523 |  57.2 |      11 |       8 |  42.1
        D:7 |     837 |     112 |  11.8 |      22 |       2 |   8.3
        D:8 |    2768 |       0 |   0.0 |      41 |       0 |   0.0
        D:9 |    1084 |    1022 |  48.5 |      23 |       5 |  17.9
       D:10 |    1109 |       0 |   0.0 |       4 |       0 |   0.0
       D:11 |    4381 |     798 |  15.4 |      25 |      33 |  56.9
       D:12 |    6336 |    2015 |  24.1 |      43 |      11 |  20.4
       D:13 |    8556 |    5383 |  38.6 |      28 |      12 |  30.0
       D:14 |   13421 |    2050 |  13.3 |      38 |       4 |   9.5
       D:15 |   12609 |    6352 |  33.5 |      40 |      27 |  40.3
     Lair:1 |    4552 |     290 |   6.0 |      24 |       1 |   4.0
     Lair:2 |    6152 |    1704 |  21.7 |      25 |      11 |  30.6
     Lair:3 |    7698 |    4279 |  35.7 |      36 |      25 |  41.0
     Lair:4 |    5275 |       0 |   0.0 |      16 |       0 |   0.0
     Lair:5 |    3592 |    5309 |  59.6 |      21 |      10 |  32.3
     Lair:6 |   11392 |    7300 |  39.1 |      44 |      16 |  26.7
    Snake:1 |   23196 |    6718 |  22.5 |      44 |      13 |  22.8
    Snake:2 |   13766 |    1935 |  12.3 |      31 |      17 |  35.4
    Snake:3 |   20616 |   10764 |  34.3 |      37 |      16 |  30.2
    Snake:4 |   16125 |   12847 |  44.3 |      33 |      15 |  31.2
      Orc:1 |    3419 |    2690 |  44.0 |      31 |       5 |  13.9
      Orc:2 |    1291 |    4971 |  79.4 |      26 |      72 |  73.5
    Ossuary |       0 |     268 | 100.0 |       0 |      13 | 100.0
            +---------+---------+-------+---------+---------+-------
